Map: Central Protocol

Players

Nerchio - Winner!

  • Race: Zerg Zerg

SortOf

  • Race: Zerg Zerg

Event: 2016 WCS Winter Circuit Championship

VOD

Have the link to the VOD?

Description

Time

  • Played on: March 3, 2016, 12:22 p.m.
  • Length: 9:26

All games in this series

Show
View Real Time Build Order
Export as new Build Order

Nerchio Zerg - Winner!

Build Orders: Pool First 

Get SALT Encoding   

  12  0:00  Drone  
  13  0:08  Drone  
  14  0:15  Extractor  
  14  0:16  Drone  
  14  0:32  Spawning Pool  
  13  0:36  Drone  
  14  0:43  Drone, Extractor  
  15  0:51  Overlord  
  15  1:19  Queen, Zergling x2  
  15  1:20  Zergling x4  
  20  1:26  Metabolic Boost  
  20  1:30  Zergling x2  
  21  1:45  Zergling x2  
  22  2:00  Hatchery  
  21  2:01  Overlord  
  21  2:13  Zergling x2  
  22  2:21  Queen  
  22  2:22  Zergling x2  
  25  2:24  Zergling x2  
  25  2:28  Zergling x2  
  27  2:32  Drone  
  27  2:35  Drone  
  29  2:44  Spine Crawler  
  29  2:50  Overlord  
  28  2:56  Drone  
  29  3:08  Queen  
  31  3:16  Queen  
  32  3:21  Zergling x2  
  32  3:29  Zergling x4  
  32  3:31  Zergling x2  
  32  3:33  Zergling x2  
  31  3:37  Zergling x2  
  31  3:40  Zergling x2  
  32  3:43  Zergling x2  
  33  3:52  Zergling x4  
  33  4:01  Drone x3  
  36  4:04  Drone  
  33  4:11  Drone x2  
  35  4:17  Drone  
  35  4:20  Drone  
  35  4:23  Drone  
  38  4:30  Drone x2  
  40  4:34  Drone  
  41  4:41  Roach Warren  
  40  4:47  Overlord  
  40  4:51  Drone  
  40  4:52  Drone  
  42  4:59  Overlord  
  42  5:06  Drone x4  
  45  5:09  Drone  
  45  5:12  Drone x2  
  47  5:15  Drone  
  47  5:18  Extractor  
  47  5:21  Drone x2  
  49  5:23  Extractor  
  49  5:28  Overlord  
  48  5:40  Roach x2  
  48  5:41  Roach x2  
  54  5:47  Drone x3  
  54  5:49  Roach x2  
  60  5:52  Roach  
  60  5:57  Evolution Chamber, Roach  
  61  6:01  Overlord  
  63  6:04  Overlord  
  63  6:21  Hatchery, Roach  
  63  6:22  Roach  
  63  6:24  Roach  
  68  6:27  Roach  
  68  6:30  Roach  
  73  6:32  Ravager  
  73  6:33  Ravager x2  
  73  6:36  Overlord  
  75  6:40  Overlord  
  75  6:42  Overlord x2  
  75  6:47  Overlord  
  75  6:52  Zergling x2  
  76  6:59  Zergling x2  
  76  7:00  Zergling x4  
  79  7:03  Zergling x2  
  79  7:04  Zergling x8  
  79  7:07  Zergling x2  
  85  7:10  Zergling x2  
  80  7:20  Lair  
  80  7:25  Zergling x4  
  80  7:26  Zergling x2  
  80  7:27  Hatchery  
  80  7:29  Zergling x2  
  79  7:37  Roach x3  
  79  7:43  Roach  
  79  7:48  Roach  
  79  7:49  Roach  
  79  7:50  Roach  
  85  7:51  Roach  
  85  7:54  Extractor  
  85  7:55  Roach  
  87  8:01  Roach x2  
  90  8:11  Zergling x2  
  88  8:13  Zergling x2  
  88  8:16  Zergling x6  
  88  8:19  Spire  
  89  8:23  Zergling x4  
  89  8:26  Ravager  
  90  8:28  Drone  
  90  8:29  Drone  
  90  8:33  Zergling x2  
  93  8:35  Zergling x2  
  93  8:36  Zergling x2  
  93  8:39  Ravager x2  
  93  8:40  Zergling x2  
  98  8:43  Zergling x2  
  98  8:45  Zergling x2  
  98  8:48  Zergling x2  
  101  9:06  Overseer  
Show
View Real Time Build Order
Export as new Build Order

SortOf Zerg 

Build Orders: Pool First, Zergling Baneling 

Get SALT Encoding   

  12  0:00  Drone  
  13  0:12  Overlord  
  13  0:16  Drone  
  14  0:30  Drone  
  14  0:31  Drone  
  14  0:34  Drone  
  17  0:45  Drone, Extractor  
  17  0:50  Spawning Pool  
  17  0:56  Drone  
  17  1:07  Drone  
  18  1:18  Hatchery  
  18  1:23  Drone  
  18  1:36  Queen  
  18  1:37  Zergling x2  
  21  1:46  Metabolic Boost  
  21  1:52  Overlord  
  21  1:55  Zergling x2  
  22  2:05  Baneling Nest  
  22  2:08  Zergling x2  
  22  2:12  Zergling x2  
  23  2:21  Queen  
  25  2:24  Zergling x2  
  27  2:32  Zergling x2  
  27  2:44  Overlord  
  27  2:46  Zergling x4  
  27  2:49  Baneling  
  27  2:51  Baneling  
  29  3:03  Zergling x2  
  29  3:09  Baneling x3  
  30  3:12  Zergling x2  
  30  3:15  Hatchery  
  29  3:20  Zergling x6  
  30  3:35  Zergling x2  
  29  3:43  Zergling x2  
  30  3:50  Baneling  
  30  3:51  Hatchery  
  30  3:55  Drone x3  
  32  3:57  Drone  
  33  4:10  Drone  
  33  4:18  Overlord  
  33  4:25  Baneling x2  
  33  4:27  Drone  
  33  4:29  Overlord  
  33  4:31  Drone x2  
  35  4:42  Extractor  
  35  4:43  Drone  
  35  4:53  Drone  
  36  5:04  Drone x2  
  38  5:08  Drone x2  
  38  5:09  Roach Warren  
  38  5:13  Baneling  
  39  5:18  Overlord x2  
  39  5:24  Drone  
  38  5:53  Roach x9  
  56  6:10  Hatchery  
  55  6:12  Zergling x2  
  55  6:16  Zergling x2  
  57  6:19  Zergling x4  
  57  6:24  Drone  
  60  6:26  Zergling x2  
  60  6:30  Ravager x4  
  65  6:37  Ravager x2  
  67  6:40  Overlord  
  67  6:43  Overlord  
  67  6:49  Overlord  
  65  6:57  Ravager x2  
  65  6:58  Zergling x6  
  64  7:03  Drone x2  
  64  7:09  Drone  
  64  7:12  Zergling x4  
  64  7:15  Drone  
  65  7:19  Evolution Chamber  
  64  7:24  Drone  
  62  7:31  Roach  
  62  7:35  Roach x2  
  62  7:36  Roach  
  64  7:39  Roach  
  59  7:48  Roach x2  
  60  7:53  Roach  
  60  7:55  Roach  
  63  8:03  Roach, Zergling x2  
  63  8:04  Zergling x2  
  65  8:07  Zergling x2  
  65  8:11  Roach, Zergling x2  
  67  8:14  Zergling x4  
  67  8:17  Drone  
  70  8:25  Drone x3  
  72  8:30  Drone, Ravager x2  
  72  8:33  Roach  
  77  8:36  Drone x3, Extractor  
  77  8:40  Roach  
  81  8:42  Roach  
  83  8:50  Drone x2  
  83  8:56  Roach x3  
  83  9:01  Roach  
  87  9:05  Zergling x4  
  87  9:06  Zergling x4  
Tags
 
Add a new tag
Caveats
  • Supply blocks, unpowered buildings, or Contaminate may cause inaccurate times.
  • Supply counts are checked every 10 seconds.